 Dungeon Crawl Stone Soup version 0.30-a0-986-g7f2e898f52 (webtiles) character file.

Game seed: 6244422029653197464

15 xian the Chiller (level 2, -2/19 HPs)
             Began as a Demonspawn Ice Elementalist on Apr 2, 2023.
             Killed from afar by a dart slug (4 damage)
             ... with a slug dart
             ... on level 1 of the Dungeon.
             The game lasted 00:01:31 (431 turns).

xian the Chiller (Demonspawn Ice Elementalist)       Turns: 431, Time: 00:01:31

Health: -2/19      AC:  4    Str:  8    XL:     2   Next: 34%
Magic:  1/5        EV: 11    Int: 16    God:
Gold:   27         SH:  4    Dex: 13    Spells: 4/5 levels left

rFire   . . .      SeeInvis .    g - +0 dagger
rCold   + . .      Faith    .    (no shield)
rNeg    . . .      Spirit   .    h - +0 leather armour
rPois   .          Reflect  .    (no helmet)
rElec   .          Rampage  .    a - +0 cloak
rCorr   .                        (no gloves)
Will    .....                    (no boots)
Stlth   ++                       (no amulet)
HPRegen 0.23/turn                e - ring of protection from cold
MPRegen 0.09/turn                (no ring)

@: no status effects
A: condensation shield
a: no special abilities


You were on level 1 of the Dungeon.
You visited 1 branch of the dungeon, and saw 1 of its levels.

You collected 27 gold pieces.

Inventory:

Hand Weapons
 g - a +0 dagger (weapon)
Missiles
 f - 3 silver javelins
Armour
 a - a +0 cloak (worn)
 h - a +0 leather armour (worn)
Jewellery
 e - a ring of protection from cold (left hand)
Scrolls
 c - a scroll of teleportation {unknown}
 i - a scroll of acquirement {unknown}
Potions
 b - a potion of magic
 d - a potion of lignification {unknown}


   Skills:
 + Level 0.2 Fighting
 + Level 1.7 Dodging
 + Level 1.7 Stealth
 + Level 2.1 Spellcasting
 + Level 4.0 Ice Magic


You had 4 spell levels left.
You knew the following spells:

 Your Spells              Type           Power      Damage    Failure   Level
a - Freeze                Ice            56%        1d7       5%          1

Your spell library contained the following spells:

 Spells                   Type           Power      Damage    Failure   Level
 Frozen Ramparts          Ice            28%        1d5       17%         3
 Ozocubu's Armour         Ice            14%        N/A       17%         3
 Slow                     Hex            4%         N/A       30%         1
 Confusing Touch          Hex            1%         N/A       65%         3
 Vampiric Draining        Necr           1%         2d6       65%         3
 Summon Ice Beast         Ice/Summ       8%         N/A       78%         4


Dungeon Overview and Level Annotations

Branches:
Dungeon (1/15)

Altars:


Innate Abilities, Weirdness & Mutations

A meltable shield of frost defends you. (SH +4)


Message History

The dart slug launches a dart at you.
The slug dart hits you but does no damage.
You block the frilled lizard's attack. The hobgoblin hits you.
Unknown command.
You hit the frilled lizard.
You kill the frilled lizard!
You block the hobgoblin's attack.
You closely miss the hobgoblin.
The hobgoblin is severely wounded.
The hobgoblin hits you.
Unknown command.
You closely miss the hobgoblin.
The hobgoblin is severely wounded.
The dart slug launches a dart at you. The slug dart hits you.
The hobgoblin hits you.
You barely miss the hobgoblin.
The hobgoblin is severely wounded.
You block the hobgoblin's attack.
Unknown command.
You hit the hobgoblin.
The hobgoblin is almost dead.
The dart slug launches a dart at you. The slug dart misses you.
The hobgoblin hits you.
You closely miss the hobgoblin.
The hobgoblin is almost dead.
The hobgoblin barely misses you.
Unknown command.
You hit the hobgoblin.
You kill the hobgoblin!
Unknown command.
You hit the dart slug but do no damage. The dart slug misses you.
You hit the dart slug but do no damage. The dart slug launches a dart at you.
The slug dart hits you.
* * * LOW HITPOINT WARNING * * *
You hit the dart slug.
The dart slug is moderately wounded.
The dart slug launches a dart at you. The slug dart hits you.
You die...

##........ .........###
#........ ...........
#....##.. ..........#
#....#### ..........#
#....# ..........#
#....# ..........+
#....####
#....w†..######.......#
#....)@...............#
#....?...............^#
#$...................##
####.................#
#.....#...........#
#.................#
#...[+########+...#
###..#........#...#
#..#.+####'.#...#


You could see a dart slug.

Vanquished Creatures
  4 ball pythons (D:1)
  An endoplasm (D:1)
  A giant cockroach (D:1)
  2 hobgoblins (D:1)
  A bat (D:1)
  A frilled lizard (D:1)
  A goblin (D:1)
  3 kobolds (D:1)
  A rat (D:1)
15 creatures vanquished.

Notes
Turn   | Place    | Note
-------+----------+-------------------------------------------
     0 | D:1      | xian the Demonspawn Ice Elementalist began the quest for
                  | the Orb.
     0 | D:1      | Reached XP level 1. HP: 13/13 MP: 3/3
   235 | D:1      | Reached skill level 4 in Ice Magic
   287 | D:1      | Gained mutation: A meltable shield of frost defends you.
                  | (SH +4) [demonic ancestry]
   287 | D:1      | Reached XP level 2. HP: 11/19 MP: 1/5
   431 | D:1      | Killed from afar by a dart slug

Illustrated notes

Levels and vault maps discovered:
D:1:      saegor_arrival_simple_b, layout_basic, minivault_11

Skill      XL: |  1 |
---------------+----+-----
Ice Magic      | 4 |  4.0
Fighting       | |  0.2
Dodging        | |  1.7
Stealth        | |  1.7
Spellcasting   | |  2.1

Action                     || total
---------------------------++-------
  Melee: Dagger            ||    24
         Unarmed           ||     1
   Cast: Freeze            ||    17
   Stab: Sleeping          ||     1
 Armour: Leather armour    ||     8
         Robe              ||     1
  Dodge: Dodged            ||    30
  Block: Other             ||     8

Table legend: (Time is in decaauts)
 A = Elapsed time spent in this place.
 B = Non-inter-level travel time spent in this place.
 C = Inter-level travel time spent in this place.
 D = Time resting spent in this place.
 E = Time spent auto-exploring this place.
 F = Levels seen in this place.
 G = Mean time per level.
                   A        B        C        D        E       F      G
               +--------+--------+--------+--------+--------+-----+--------+
         Total |    430 |    417 |     13 |      0 |    244 |   1 |  430.0 |
       Dungeon |    430 |    417 |     13 |      0 |    244 |   1 |  430.0 |
               +--------+--------+--------+--------+--------+-----+--------+

Top non-repeatable levels by time:
     D:1: 430 daAuts
